 Dungeon Crawl Stone Soup version 0.16-a0-3963-gf3423b3 (console) character file.

6480 Fusha the Thrower (level 11, -5/64 HPs)
             Began as a Gargoyle Hunter on Feb 9, 2015.
             Was an Elder of Okawaru.
             Killed from afar by Harold (26 damage)
             ... with a bolt of fire
             ... on level 10 of the Dungeon on Feb 10, 2015.
             The game lasted 01:12:34 (10997 turns).

Fusha the Thrower (Gargoyle Hunter)                Turns: 10997, Time: 01:12:34

Health: -5/64      AC: 30    Str: 23    XL:     11   Next: 0%
Magic:  14/14      EV: 10    Int: 16    God:    Okawaru [****..]
Gold:   140        SH:  0    Dex: 10    Spells: 3 memorised, 6 levels left

rFire  . . .     SeeInvis +     a - +0 rapier (venom)
rCold  . . .     Clarity  .     s - +7 chain mail {rN+}
rNeg   + + .     SustAb   .     (no shield)
rPois  ∞         Gourm    .     (no helmet)
rElec  +         Spirit   .     l - +2 cloak {+Inv}
rCorr  .         Warding  .     H - +1 pair of gloves
rMut   .         Stasis   .     (no boots)
MR     .....                    (no amulet)
Stlth  ..........               G - +3 ring of intelligence (curse)
                                F - ring of see invisible

@: mighty, not resistant to hostile enchantments, extremely unstealthy
A: negative energy resistance 1, electricity resistance, unbreathing,
petrification resistance, rot immunity, AC +7
a: Heroism, Renounce Religion, Evoke Invisibility


You were on level 10 of the Dungeon.
You worshipped Okawaru.
Okawaru was greatly pleased with you.
You were not hungry.

You visited 2 branches of the dungeon, and saw 11 of its levels.
You also visited: Ossuary.

You collected 503 gold pieces.
You spent 363 gold pieces at shops.

Inventory:

Hand weapons
 a - a +0 rapier of venom (weapon)
 b - a +4 hunting sling
 c - a +0 short sword
Missiles
 r - 3 throwing nets
 u - 12 tomahawks
 I - 12 sling bullets
 J - 20 stones
 O - 2 javelins (quivered)
 V - 21 exploding sling bullets
Armour
 d - a cursed +0 leather armour
 l - a +2 cloak of invisibility (worn)
 s - a +7 chain mail of positive energy (worn)
 D - a +0 cloak
 H - a +1 pair of gloves (worn)
 N - a -1 cloak
Jewellery
 n - an uncursed ring of ice
 p - a cursed ring of ice
 F - a ring of see invisible (left hand)
 G - a cursed +3 ring of intelligence (right hand)
 T - an uncursed ring of teleportation
Magical devices
 o - a wand of flame (0)
 w - a wand of paralysis (0)
 A - a wand of frost (0)
 U - a wand of slowing (30)
 W - a wand of paralysis (11)
Scrolls
 g - a scroll of teleportation
 h - a scroll of fog
 j - 3 scrolls of remove curse
 m - 2 scrolls of enchant weapon {unknown}
 x - a scroll of amnesia {unknown}
 y - a scroll of immolation {unknown}
 C - 2 scrolls of blinking
 E - a scroll of random uselessness {unknown}
 K - a scroll of noise {unknown}
 L - 3 scrolls of magic mapping {unknown}
 P - a scroll of fear {unknown}
 S - a scroll of recharging {unknown}
Potions
 f - 2 potions of lignification
 i - 3 potions of might
 k - 2 potions of haste
 q - a potion of degeneration
 t - a potion of brilliance
 v - 3 potions of restore abilities {unknown}
 z - 4 potions of curing
 B - a potion of cancellation
 M - a potion of poison {unknown}
 Y - a potion of agility {unknown}
Books
 Q - a book of Spatial Translocations

   Spells                             Type                      Level
   a - Apportation                    Translocation                1
   b - Blink                          Translocation                2
   c - Shroud of Golubria             Charms/Translocation         2
   d - Portal Projectile              Translocation                3
   e - Teleport Other                 Translocation                3
   f - Passage of Golubria            Translocation                4
 R - the Collected Works on Battle Magic and Darkness
   (You found it on level 8 of the Dungeon)

   Spells                             Type                      Level
   a - Flame Tongue                   Conjuration/Fire             1
   b - Animate Skeleton               Necromancy                   1
   c - Regeneration                   Charms/Necromancy            3
   d - Bolt of Draining               Conjuration/Necromancy       5
   e - Bolt of Magma                  Conjuration/Fire/Earth       5


   Skills:
 + Level 5.2 Fighting
 + Level 4.3 Short Blades
 + Level 6.6(8.3) Slings
 + Level 8.4(9.6) Throwing
 + Level 7.4 Armour
 + Level 4.9 Dodging
 + Level 3.0 Stealth
 * Level 2.4 Necromancy
 * Level 3.0 Translocations
 + Level 2.0 Evocations


You had 6 spell levels left.
You knew the following spells:

 Your Spells              Type           Power        Failure   Level  Hunger
a - Apportation           Tloc           #.........   47%         1    ##.....
b - Blink                 Tloc           N/A          73%         2    ###....
c - Animate Skeleton      Necr           N/A          73%         1    ##.....


Dungeon Overview and Level Annotations

Branches:
Dungeon (10/15)            Temple (1/1) D:5
   Lair: D:8-11         Orc: D:9-12

Altars:
Ashenzari
Cheibriados
Dithmenos
Elyvilon
Fedhas
Gozag
Kikubaaqudgha
Makhleb
Nemelex Xobeh
Okawaru
Qazlal
Ru
Sif Muna
Trog
Vehumet
Xom
Yredelemnul
Zin
The Shining One

Shops:
D:5 :   D:6 [

Annotations:
D:10 Harold


Innate Abilities, Weirdness & Mutations

You are resistant to torment.
You are immune to poison.
Your stone body is very resilient (AC +7).
You resist negative energy.
You are resistant to electric shocks.
You can survive without breathing.
You are immune to petrification.
You are immune to rotting.


Message History

* * * LOW HITPOINT WARNING * * *
Drink which item? (? for menu, Esc to quit)
You feel better.
Harold points at you and mumbles some strange words.
The bolt of fire hits you!
* * * LOW HITPOINT WARNING * * *
Drink which item? (? for menu, Esc to quit)
You feel better. Harold barely misses you.
Read which item? (? for menu, Esc to quit)
Okay, then.
Drink which item? (? for menu, Esc to quit)
You feel better.
You puncture Harold!
Harold is heavily wounded.
Harold misses you.
You puncture Harold!
Harold is severely wounded.
Harold gestures at you while chanting. The bolt of fire hits you!
You die...

... ........
........ .........
#........# .
#........# .#
#........##### .#
..........#...####.#
.......@@..........#
#+######...8.......#
#.#....###..#
#.###### #..#
#.########(.#
#........(..#
#.......(..(#
#......(....#
#...........#


You could see Harold.

Vanquished Creatures
  Maurice (D:8)
  Psyche (D:9)
  A troll (D:9)
  A deep elf mage (D:9)
  5 yaks (D:9)
  Eustachio (D:5)
  3 hippogriffs
  Edmund (D:5)
  3 ice beasts
  2 sky beasts
  3 centaurs
  7 ogres
  3 phantoms
  Duvessa (D:5)
  Blork the orc (D:9)
  5 giant frogs
  8 jellies
  11 killer bees
  A scorpion (D:6)
  Dowan (D:5)
  2 centaur zombies (Ossuary)
  2 centaur skeletons
  A giant frog skeleton (D:8)
  Crazy Yiuf (D:7)
  A quasit (D:9)
  3 hounds
  5 orc priests
  9 orc wizards
  Natasha (thrice) (D:4)
  7 worker ants
  2 big kobold zombies (Ossuary)
  A hound zombie (D:6)
  5 mummies
  A hound skeleton (D:7)
  3 gnolls (D:10)
  11 adders
  A giant mite (D:2)
  2 shadow imps
  4 worms
  6 giant geckos
  35 orcs
  A ball python (D:5)
  14 bats
  A bat skeleton (D:5)
  7 giant cockroaches
  10 hobgoblins
  5 jackals
  3 quokkas
  A giant cockroach zombie (D:6)
  5 giant newts
  7 goblins
  A hobgoblin zombie (Ossuary)
  20 kobolds
  14 rats
  6 ballistomycetes (D:7)
260 creatures vanquished.

Vanquished Creatures (others)
  A giant spore (D:7)
1 creature vanquished.

Grand Total: 261 creatures vanquished

Notes
Turn   | Place    | Note
--------------------------------------------------------------
     0 | D:1      | Fusha, the Gargoyle Hunter, began the quest for the Orb.
     0 | D:1      | Reached XP level 1. HP: 12/12 MP: 1/1
   135 | D:1      | Reached XP level 2. HP: 15/17 MP: 2/2
   932 | D:2      | Reached XP level 3. HP: 12/21 MP: 3/3
  1213 | D:2      | Reached skill level 1 in Armour
  1213 | D:2      | Reached XP level 4. HP: 17/27 MP: 4/4
  1547 | D:2      | Found a shadowy altar of Dithmenos.
  2204 | D:3      | Found a shadowy altar of Dithmenos.
  2311 | D:4      | Reached XP level 5. HP: 20/32 MP: 5/5
  2335 | D:4      | Reached skill level 1 in Short Blades
  2335 | D:4      | Reached skill level 1 in Slings
  2490 | D:3      | Reached XP level 6. HP: 27/36 MP: 6/6
  2873 | D:3      | Reached skill level 5 in Throwing
  3911 | D:4      | Noticed Natasha
  3917 | D:4      | Killed Natasha
  4037 | D:4      | Reached XP level 7. HP: 33/40 MP: 7/7
  4047 | D:4      | Noticed an ogre
  4065 | D:4      | Killed an ogre
  4203 | D:4      | Noticed Natasha
  4208 | D:4      | Killed Natasha
  4468 | D:4      | Noticed Natasha
  4472 | D:4      | Killed Natasha
  4707 | D:5      | Entered Level 5 of the Dungeon
  4710 | D:5      | Found a staircase to the Ecumenical Temple.
  4723 | Temple   | Entered the Ecumenical Temple
  5020 | D:5      | Found an iron altar of Okawaru.
  5022 | D:5      | Found an opulent altar of Gozag.
  5024 | D:5      | Found a glowing silver altar of Zin.
  5025 | D:5      | Found a radiant altar of Vehumet.
  5029 | D:5      | Became a worshipper of Warmaster Okawaru
  5146 | D:5      | Noticed Eustachio
  5168 | D:5      | Killed Eustachio
  5168 | D:5      | Reached skill level 6 in Throwing
  5168 | D:5      | Reached XP level 8. HP: 43/45 MP: 8/8
  5205 | D:5      | Noticed Edmund
  5225 | D:5      | Killed Edmund
  5225 | D:5      | Reached skill level 1 in Evocations
  5283 | D:5      | Acquired Okawaru's first power
  5304 | D:5      | Noticed Dowan
  5397 | D:5      | Noticed Duvessa
  5409 | D:5      | Killed Duvessa
  5430 | D:5      | Killed Dowan
  5463 | D:5      | Found Sme Shra's Book Shop.
  5651 | D:6      | Found Fuhe's Armour Shoppe.
  5868 | D:6      | Found a sand-covered staircase.
  5949 | Ossuary  | Entered an ossuary
  5958 | Ossuary  | Reached skill level 7 in Throwing
  6559 | D:6      | Reached XP level 9. HP: 50/52 MP: 11/11
  7241 | D:6      | Reached skill level 5 in Slings
  7272 | D:6      | Reached skill level 5 in Armour
  7284 | D:6      | Bought a +1 cloak of invisibility for 214 gold pieces
  7284 | D:6      | Bought a +1 pair of gloves for 149 gold pieces
  8235 | D:7      | Upgraded the game from 0.16-a0-3946-g4f19e5c to 0.16-a0-3963-gf3423b3
  8308 | D:7      | Noticed Crazy Yiuf
  8317 | D:7      | Killed Crazy Yiuf
  8687 | D:7      | Reached skill level 8 in Throwing
  8959 | D:8      | Reached XP level 10. HP: 47/58 MP: 13/13
  9019 | D:8      | Found a shattered altar of Ashenzari.
  9096 | D:8      | Learned a level 1 spell: Apportation
  9099 | D:8      | Learned a level 2 spell: Blink
  9156 | D:8      | Found a stormy altar of Qazlal.
  9261 | D:8      | Noticed Maurice
  9280 | D:8      | Killed Maurice
  9280 | D:8      | Reached skill level 1 in Translocations
  9332 | D:8      | Identified the Collected Works on Battle Magic and Darkness (You found it on level 8 of the Dungeon)
  9335 | D:8      | Learned a level 1 spell: Animate Skeleton
  9817 | D:9      | Reached skill level 1 in Necromancy
  9948 | D:9      | Received a gift from Okawaru
 10035 | D:9      | Noticed Blork the orc
 10045 | D:9      | Killed Blork the orc
 10050 | D:9      | Noticed Psyche
 10063 | D:9      | Killed Psyche
 10063 | D:9      | Reached skill level 5 in Fighting
 10374 | D:9      | Noticed an eight-headed hydra
 10900 | D:10     | Entered Level 10 of the Dungeon
 10946 | D:10     | Reached XP level 11. HP: 64/64 MP: 14/14
 10982 | D:10     | Noticed Harold
 10997 | D:10     | Killed from afar by Harold

Action                   |  1- 3 |  4- 6 |  7- 9 | 10-12 || total
-------------------------+-------+-------+-------+-------++-------
Melee: Short sword       |   153 |    70 |    31 |       ||   254
       Rapier            |       |       |   426 |   251 ||   677
 Fire: Hunting sling     |       |   156 |    85 |    86 ||   327
Throw: Javelin           |     9 |    22 |    43 |     6 ||    80
       Stone             |       |    29 |       |       ||    29
       Tomahawk          |       |     6 |    97 |    24 ||   127
       Throwing net      |       |       |     3 |     1 ||     4
Evoke: Wand              |       |       |    23 |       ||    23
  Use: Potion            |       |     2 |       |     7 ||     9
       Scroll            |       |       |    15 |     6 ||    21
 Stab: Paralysed         |       |       |     1 |       ||     1
       Held in net/web   |       |       |     1 |       ||     1
  Eat: Bread ration      |       |     2 |     1 |       ||     3
       Pizza             |       |     1 |     1 |     1 ||     3
       Beef jerky        |       |     1 |       |       ||     1
       Meat ration       |       |       |     1 |     1 ||     2
       Chunk             |       |       |     4 |       ||     4
